 Dungeon Crawl Stone Soup version 0.23.2 (webtiles) character file.

Game seed: 13465106699886252724

291254 Chiseanne the Tortoise (level 19, -24/143 HPs)
             Began as a Demonspawn Wanderer on Mar 25, 2019.
             Was an Initiate of Gozag.
             Killed from afar by a deep elf high priest (27 damage)
             ... with damnation
             ... on level 5 of the Vaults on Apr 3, 2019.
             The game lasted 02:44:27 (36572 turns).

Chiseanne the Tortoise (Demonspawn Wanderer)       Turns: 36572, Time: 02:44:28

Health: -24/143    AC: 32    Str: 23    XL:     19   Next: 95%
Magic:  0/34       EV: 17    Int: 27    God:    Gozag
Gold:   2726       SH:  0    Dex: 10    Spells: 36/40 levels left

rFire    + . .     SeeInvis .   s - +12 battleaxe "Cudewo" {freeze, rPois Str+6 Dex-4}
rCold    . . .     Gourm    .   (shield currently unavailable)
rNeg     + . .     Faith    .   A - +9 scale mail "Uriylu" {rElec Regen+ Int+8 Dex-5}
rPois    +         Spirit   +   (helmet unavailable)
rElec    +         Reflect  .   P - scarf {Spirit}
rCorr    .         Harm     .   J - +2 pair of gloves {Str+3}
MR       +....                  p - +2 pair of boots of the Assassin {Detection Stab+ Stlth++}
Stlth    +++.......             k - amulet "Puqouz" {rF+ Regen+}
HPRegen  1.13/turn              u - ring "Qelaihon" {AC+3 Dex+2 Stlth+}
MPRegen  0.24/turn              j - ring of Truth {+Blink rN+ Int+3}

@: about to teleport, gold aura, very slightly contaminated, slowed, lightly
drained, very slow
A: horns 3, slimy green scales 2, demonic guardian 2, spiny 3, augmentation 2
}: 2/15 runes: decaying, serpentine
a: Potion Petition, Call Merchant, Bribe Branch, Renounce Religion, Evoke Blink


You were on level 5 of the Vaults.
You worshipped Gozag.
Gozag was most pleased with you.
You were not hungry.

You visited 7 branches of the dungeon, and saw 37 of its levels.
You visited the Abyss 2 times.
You visited 1 bazaar.
You also visited: Sewer, Bailey, Gauntlet and Ice Cave.

You collected 17601 gold pieces.
You spent 7125 gold pieces at shops.
You paid 7750 gold pieces to Gozag.

Inventory:

Hand Weapons
 a - the +6 flail of Pride {venom, rElec rPois rC+ MP+9}
   (You found it on level 5 of the Dungeon)

   It poisons the flesh of those it strikes.
   It protects you from cold.
   It insulates you from electricity.
   It protects you from poison.
   It affects your magic capacity (+9).
 e - a +2 blowgun
 s - the +12 battleaxe "Cudewo" (weapon) {freeze, rPois Str+6 Dex-4}
   (You found it in an ice cave)

   It has been specially enchanted to freeze those struck by it, causing extra
   injury to most foes and up to half again as much damage against particularly
   susceptible opponents.
   It can also slow down cold-blooded creatures.
   It affects your strength (+6).
   It affects your dexterity (-4).
   It protects you from poison.
 w - the +3 arbalest "Glorpo" {velocity, rF+}
   (You bought it in a shop on level 9 of the Dungeon)

   Any bolt fired from it inflicts extra damage.
   It protects you from fire.
Missiles
 g - 1478 bolts
 i - 4 curare-tipped needles
 x - 2 throwing nets (quivered)
Armour
 p - the +2 pair of boots of the Assassin (worn) {Detection Stab+ Stlth++}
   (You bought it in a shop on level 11 of the Dungeon)

   It makes you much more stealthy.
 A - the +9 scale mail "Uriylu" (worn) {rElec Regen+ Int+8 Dex-5}
   (You found it on level 13 of the Dungeon)

   It affects your intelligence (+8).
   It affects your dexterity (-5).
   It insulates you from electricity.
   It increases your rate of regeneration.
 J - a +2 pair of gloves of strength (worn)
 P - a scarf of spirit shield (worn)
Magical Staves
 d - an uncursed staff of wizardry
Jewellery
 b - the ring of the Tuna {+Fly Int+4 Dex+4}
   (You bought it in a shop on level 15 of the Dungeon)

   [ring of dexterity]

   It affects your intelligence (+4).
   It affects your dexterity (+4).
   It lets you fly.
 j - the ring of Truth (right hand) {+Blink rN+ Int+3}
   (You bought it in a shop on level 15 of the Dungeon)

   [ring of intelligence]

   It affects your intelligence (+3).
   It protects you from negative energy.
   It lets you blink.
 k - the amulet "Puqouz" (around neck) {rF+ Regen+}
   (You bought it in a shop on level 15 of the Dungeon)

   [amulet of regeneration]

   It protects you from fire.
   It increases your rate of regeneration.
 u - the ring "Qelaihon" (left hand) {AC+3 Dex+2 Stlth+}
   (You found it on level 1 of the Lair of Beasts)

   [ring of protection]

   It affects your AC (+3).
   It affects your dexterity (+2).
   It makes you more stealthy.
Wands
 n - a wand of disintegration (25)
 q - a wand of polymorph (18)
 r - a wand of flame (60)
 v - a wand of scattershot (3)
 L - a wand of acid (8)
 U - a wand of enslavement (6)
 W - a wand of iceblast (27)
 Z - a wand of paralysis (3)
Scrolls
 c - 19 scrolls of remove curse
 l - 12 scrolls of identify
 m - 6 scrolls of teleportation
 t - 5 scrolls of magic mapping
 D - 4 scrolls of fog
 F - a scroll of brand weapon
 G - 3 scrolls of immolation
 M - a scroll of fear
 T - 7 scrolls of blinking
Potions
 h - 6 potions of flight
 o - 12 potions of curing
 z - 3 potions of haste
 B - 2 potions of agility
 E - a potion of berserk rage
 H - a potion of might
 I - 3 potions of magic
 K - a potion of lignification
 N - a potion of invisibility
 O - a potion of cancellation
 Y - 3 potions of ambrosia
Miscellaneous
 y - a lamp of fire
 C - a lightning rod (4/4)
 Q - a phantom mirror
Comestibles
 f - 36 rations


   Skills:
 - Level 11.1(10.8) Fighting
 * Level 10.4(10.1) Axes
   Level 1.7(1.5) Bows
 - Level 11.2(10.9) Crossbows
 - Level 1.0(0.7) Throwing
 * Level 16.5(16.2) Armour
 * Level 16.5(16.1) Dodging
 * Level 11.3(11.1) Spellcasting
   Level 2.1(1.9) Necromancy
 - Level 10.0(9.7) Translocations
 - Level 8.4(8.1) Evocations


You had 36 spell levels left.
You knew the following spells:

 Your Spells              Type           Power        Failure   Level  Hunger
a - Blink                 Tloc           N/A          1%          2    None
b - Shroud of Golubria    Chrm/Tloc      #####.....   1%          2    None

Your spell library contained the following spells:

 Spells                   Type           Power        Failure   Level  Hunger
 Corona                   Hex            ##.....      7%          1    None
 Magic Dart               Conj           ##..         7%          1    None
 Call Imp                 Summ           ##......     11%         2    None
 Ensorcelled Hibernation  Hex/Ice        ##....       11%         2    None
 Slow                     Hex            ##......     11%         2    None
 Confuse                  Hex            ##......     22%         3    None
 Conjure Flame            Conj/Fire      ##......     22%         3    None
 Dazzling Spray           Conj/Hex       ##....       22%         3    None
 Mephitic Cloud           Conj/Pois/Air  ##......     22%         3    None
 Tukima's Dance           Hex            ##......     22%         3    None
 Summon Lightning Spire   Summ/Air       ##......     56%         4    None
 Silence                  Hex/Air        ##........   89%         5    ###....
 Conjure Ball Lightning   Conj/Air       ##........   100%        6    #####..
 Deflect Missiles         Chrm/Air       ##........   100%        6    #####..
 Tornado                  Air            ##........   100%        9    #######


Dungeon Overview and Level Annotations

Branches:
Dungeon (15/15)            Temple (1/1) D:5            Lair (6/6) D:10
  Swamp (4/4) Lair:4        Snake (4/4) Lair:4        Slime (0/5) Lair:6
    Orc (2/2) D:9             Elf (0/3) Orc:2        Vaults (5/5) D:13
  Crypt (0/3) Vaults:3     Depths (0/5) D:15

Altars:
Ashenzari
Elyvilon
Fedhas
Gozag
Hepliaklqana
Kikubaaqudgha
Makhleb
Nemelex Xobeh
Qazlal
Ru
Sif Muna
Trog
Uskayaw
Vehumet
Wu Jian
Xom
Yredelemnul
Zin
The Shining One
Beogh
Jiyva

Shops:
D:7 [   D:8 [   D:9 (   D:11 [   D:13 *   D:14 :   D:15 *=[([   Orc:2 (:[(
Snake:2 :}(!   Vaults:1 }   Vaults:3 *

Portals:
Trove: Vaults:2 (give 18 scrolls of teleportation)

Annotations:
D:2 Natasha
D:3 2 transporters
D:9 exclusion: oklob plant
Lair:1 exclusion: oklob plant
Lair:5 2 transporters, Luam's ghost, journeyman OpFi


Innate Abilities, Weirdness & Mutations

You have a pair of large horns on your head.
You are mostly covered in slimy green scales. (AC +3)
A demonic guardian rushes to your aid.
You are completely covered in sharp spines.
Your magical and physical power is enhanced at high health.


Message History

The bolt of negative energy hits your soul eater.
Your soul eater completely resists.
The vault warden hits you with a +0 battleaxe!!
* * * LOW HITPOINT WARNING * * *
The titan waves its arms in wide circles.
The air twists around and strikes you!
* * * LOW HITPOINT WARNING * * *
You see here 3 gold pieces.
Blink to where?
Press: ? - help, Dir - move target cursor You are very lightly contaminated with residual magic.
As you read the scroll of blinking, it crumbles to dust.
The deep elf high priest shouts!
You hear a shout!
The lich mumbles some strange words.
The storm dragon breathes lightning at you.
The bolt of lightning misses you.
The deep elf high priest calls down the wrath of its god upon you.
The sphere of damnation explodes!
The damnation engulfs you!!
You die...
Your body crumbles into a pile of gold.

# #$.# {......
#..#$p###{.#.#.#
#..#.L.p(..$....
#....2.((.......
#...D################
#.C......... ......
#....(...... ......
#(.......... ......
#...@....... S.....
#p.(.####### ######
#..(....{...
#..#.###... #..#D#$
#..#Q# $ #..#.. $
#..#.e# #..#..#


You could see a shadow dragon, a storm dragon, a stone giant, a vault warden, a
tengu reaver, a lich, a shadow demon, a vault sentinel (fleeing) and a deep elf
high priest.

Vanquished Creatures
  Saint Roka (Snake:4)
  A tentacled monstrosity (Vaults:5)
  3 titans (Vaults:4)
  Asterion (Snake:4)
  2 tentacled starspawn (Abyss:2)
  A thorn hunter (Swamp:3)
  2 storm dragons (Vaults:4)
  Gastronok (Lair:2)
  A tengu reaver (Vaults:4)
  4 nagarajas
  Donald (Snake:4)
  A revenant (Vaults:3)
  2 shadow dragons (Vaults:4)
  2 fire giants
  Aizul (Vaults:1)
  2 deep elf sorcerers
  Louise (D:14)
  6 vault wardens
  A frost giant (IceCv)
  A deep elf elementalist (Vaults:5)
  4 ironheart preservers
  A war gargoyle (Vaults:5)
  3 stone giants (Vaults:4)
  A deep elf annihilator (Vaults:5)
  An eidolon (Vaults:3)
  3 ettins
  A crystal guardian (Vaults:3)
  6 yaktaur captains
  A great orb of eyes (Vaults:4)
  2 fire dragons (Swamp:4)
  An ice dragon (Vaults:1)
  Harold (Lair:2)
  8 naga warriors
  27 vault guards
  16 hydras
  2 rakshasas (Vaults:1)
  An ogre mage (Vaults:4)
  7 centaur warriors
  6 anacondas
  9 alligators
  2 ghost crabs
  3 death yaks
  A queen ant (D:12)
  A deep troll shaman (Vaults:2)
  A deep troll earth mage (Vaults:2)
  9 two-headed ogres
  2 orc high priests (Orc:2)
  A vampire mage (Abyss:2)
  A death yak (shapeshifter) (Vaults:4)
  A thrashing horror (Abyss:2)
  6 naga sharpshooters
  4 shock serpents
  5 deep elf knights
  A fire crab (Swamp:4)
  2 wretched stars (Abyss:2)
  A fire crab (shapeshifter) (Vaults:1)
  4 skeletal warriors (D:13)
  2 unseen horrors
  2 deep elf archers (Vaults:4)
  A flayed ghost (Vaults:1)
  4 naga ritualists
  A glowing orange brain (Vaults:2)
  2 deep trolls
  6 swamp dragons
  9 harpies
  2 phantasmal warriors
  5 ironbrand convokers
  An orb spider (shapeshifter) (D:15)
  16 orc knights
  2 wolf spiders
  2 deep elf magi (Vaults:5)
  An orc sorcerer (Vaults:4)
  A mana viper (shapeshifter) (Vaults:4)
  10 ugly things
  5 mana vipers
  2 manticores
  3 cyclopes
  A faun (shapeshifter) (Vaults:4)
  7 elephants
  5 salamanders
  Maurice (D:8)
  A molten gargoyle (Swamp:4)
  21 black mambas
  2 guardian serpents
  6 vault sentinels
  An apocalypse crab (Abyss:2)
  An ice statue (IceCv)
  A gargoyle (D:14)
  13 naga magi
  3 torpor snails
  18 spiny frogs
  8 komodo dragons
  40 yaktaurs
  2 kobold demonologists
  2 freezing wraiths
  An entropy weaver simulacrum (Vaults:1)
  An ancient zyme (Abyss:2)
  7 trolls
  9 tyrant leeches
  6 hornets
  5 meliai
  15 polar bears
  A queen bee (shapeshifter) (D:14)
  14 slime creatures
  5 hippogriffs
  2 bog bodies
  22 blink frogs
  9 dream sheep
  A spriggan (shapeshifter) (Vaults:1)
  5 shadows
  4 starcursed masses (Abyss:2)
  2 ynoxinuls (Abyss:2)
  13 spriggans
  5 wyverns
  2 redbacks
  53 yaks
  A fire elemental (Swamp:4)
  A wraith (D:15)
  A hungry ghost (D:11)
  4 basilisks
  2 steam dragons (Swamp:4)
  A human (shapeshifter) (D:15)
  4 fire bats
  17 vampire mosquitoes
  25 nagas
  A human simulacrum (Vaults:3)
  2 acid dragons
  11 swamp worms
  5 wargs
  2 soldier ants
  4 insubstantial wisps (Swamp:2)
  A swamp worm (shapeshifter) (Vaults:4)
  Duvessa (D:5)
  10 porcupines
  25 water moccasins
  4 large abominations (Abyss:2)
  7 swamp drakes
  3 ice beasts
  33 orc warriors
  5 phantoms
  6 black bears
  A swamp dragon zombie (Abyss:2)
  3 sky beasts
  An ice dragon simulacrum (Abyss:2)
  20 ogres
  2 eyes of draining (D:14)
  2 hornet zombies (D:14)
  A necrophage (D:7)
  9 boggarts
  5 centaurs
  46 wolves
  18 crocodiles
  4 big kobolds
  17 bullfrogs
  A small abomination (Abyss:2)
  Dowan (D:5)
  A wyvern skeleton (D:10)
  6 scorpions
  18 killer bees
  An electric eel (D:13)
  7 crimson imps
  2 howler monkeys
  A bullfrog zombie (D:6)
  4 centaur zombies
  7 hounds
  8 jellies
  6 centaur skeletons
  A gnoll shaman (D:10)
  34 orc priests
  14 orc wizards
  3 bullfrog skeletons
  An iron imp (D:6)
  Terence (D:3)
  9 iguanas
  13 worker ants
  A hound zombie (D:10)
  A hound skeleton (D:8)
  2 worker ant zombies
  5 gnolls
  19 adders
  2 river rats (Sewer)
  A shadow imp (D:6)
  An ufetubus (Abyss:2)
  2 oozes
  2 adder zombies (D:5)
  A worm (D:2)
  2 dart slugs
  4 leopard geckos
  113 orcs
  5 ball pythons
  4 bats
  6 giant cockroaches
  20 goblins
  17 hobgoblins
  14 jackals
  4 quokkas
  6 frilled lizards
  3 hobgoblin zombies (D:6)
  A jackal zombie (D:8)
  28 kobolds
  3 kobold skeletons (D:6)
  A leopard gecko skeleton (D:4)
  2 orc skeletons (D:6)
  2 orc zombies (D:6)
  A quokka skeleton (D:4)
  A quokka zombie (D:6)
  11 rats
  A spectral orc (D:7)
  2 fungi (D:6)
  A lurking horror (Abyss:2)
  8 plants (Lair:2)
  2 starspawn tentacles (Abyss:2)
1316 creatures vanquished.

Vanquished Creatures (collateral kills)
  An ancient lich (Vaults:5)
  Rupert (Lair:4)
  A tentacled starspawn (Abyss:2)
  2 sphinxes
  2 vault wardens
  An entropy weaver (Vaults:4)
  An ettin (D:15)
  5 yaktaur captains
  A great orb of eyes (Vaults:1)
  2 naga warriors
  2 hydras
  2 ghost crabs
  3 ogre magi
  An anaconda (Snake:4)
  An alligator (Swamp:3)
  3 centaur warriors
  6 two-headed ogres
  3 orc high priests (Orc:2)
  A death yak (IceCv)
  A tengu warrior (D:15)
  A vampire mage (Vaults:3)
  A shock serpent (Snake:2)
  2 naga sharpshooters (Snake:2)
  A fire crab (Swamp:4)
  3 spriggans
  A skeletal warrior (D:13)
  A spriggan druid (Swamp:4)
  2 ironbrand convokers
  3 swamp dragons
  3 orc knights
  A harpy (Vaults:2)
  An orc sorcerer (Vaults:2)
  2 wolf spiders
  2 mana vipers (Snake:4)
  8 ugly things
  A manticore (D:12)
  2 elephants (Lair:6)
  An eye of devastation (Orc:2)
  2 black mambas
  2 naga magi (Snake:4)
  A gargoyle (D:12)
  4 vault sentinels
  2 spiny frogs
  2 centaur skeletons (D:13)
  A kobold demonologist (D:15)
  2 komodo dragons
  5 yaktaurs
  A freezing wraith (Vaults:3)
  A queen bee (Lair:5)
  2 polar bears (Lair:6)
  2 slime creatures
  A meliai (Lair:5)
  4 trolls
  3 hornets
  A bog body (Swamp:3)
  6 dream sheep (Lair:6)
  9 blink frogs
  A hippogriff (D:8)
  2 redbacks (Vaults:4)
  12 yaks
  4 basilisks
  A basilisk (shapeshifter) (D:14)
  A hungry ghost (D:7)
  2 vampire mosquitoes (Swamp:3)
  2 wargs (Orc:1)
  A small abomination (Abyss:2)
  2 nagas (Snake:4)
  A water moccasin (Lair:4)
  A swamp drake (Swamp:4)
  9 orc warriors
  9 wolves
  5 ogres
  A boggart (D:14)
  A crocodile (Lair:2)
  4 centaurs
  2 big kobolds
  2 bullfrogs
  2 killer bees (Lair:5)
  2 hounds (D:9)
  5 orc priests
  2 bullfrog skeletons (D:13)
  2 iguanas (Lair:4)
  4 orc wizards
  An ooze (D:6)
  9 orcs
  A bat (D:3)
  5 goblins
  A hobgoblin (D:3)
  A frilled lizard (D:3)
  A kobold (D:6)
  A starspawn tentacle (Abyss:2)
227 creatures vanquished.

Vanquished Creatures (others)
  An ironheart preserver (Vaults:1)
  A great orb of eyes (Vaults:2)
  A shock serpent (Snake:2)
  A tengu warrior (D:15)
  An unseen horror (D:14)
  A lindwurm (Swamp:4)
  A deep troll (Vaults:2)
  A deep elf mage (Vaults:5)
  A polar bear (IceCv)
  5 swamp drakes (Swamp:4)
  An orc wizard (Vaults:5)
  An orc (Vaults:5)
  15 fungi
  18 plants
  6 starspawn tentacles (Abyss:2)
  8 toadstools (D:6)
63 creatures vanquished.

Grand Total: 1606 creatures vanquished

Notes
Turn   | Place    | Note
-------+----------+-------------------------------------------
     0 | D:1      | Chiseanne the Demonspawn Wanderer began the quest for the
                  | Orb.
     0 | D:1      | Chiseanne set off with the following items: a +2 shortbow,
                  | 27 arrows, a wand of random effects (15), a +0 robe, a
                  | ration; and the following spells available to memorise:
                  | Blink, Shroud of Golubria
     0 | D:1      | Reached XP level 1. HP: 15/15 MP: 2/2
   344 | D:1      | Gained mutation: You are partially covered in slimy green
                  | scales. (AC +2) [demonic ancestry]
   344 | D:1      | Reached XP level 2. HP: 21/21 MP: 3/3
   574 | D:1      | Reached skill level 1 in Dodging
   963 | D:2      | Gained mutation: You have a pair of small horns on your
                  | head. [demonic ancestry]
   963 | D:2      | Reached XP level 3. HP: 27/27 MP: 4/4
  1177 | D:2      | Noticed Natasha
  1189 | D:3      | Gained mutation: A weak demonic guardian rushes to your
                  | aid. [demonic ancestry]
  1189 | D:3      | Reached XP level 4. HP: 33/33 MP: 5/5
  1338 | D:3      | Gained mutation: You have a pair of horns on your head.
                  | [demonic ancestry]
  1338 | D:3      | Reached XP level 5. HP: 16/39 MP: 6/6
  1666 | D:3      | Found a glowing drain.
  1696 | Sewer    | Entered a sewer
  1873 | Sewer    | Reached XP level 6. HP: 47/47 MP: 8/8
  1902 | Sewer    | Found a glowing silver altar of Zin.
  1973 | D:3      | Found a transporter.
  2000 | D:3      | Identified the cursed +3 spear of Ziloeff {chaos, Str+3
                  | Int+2}
  2044 | D:3      | Found a transporter.
  2326 | D:3      | Noticed Terence
  2335 | D:3      | Killed Terence
  2539 | D:4      | Found a sparkling altar of Nemelex Xobeh.
  2587 | D:4      | Noticed a two-headed ogre
  2644 | D:4      | Killed a two-headed ogre
  2644 | D:4      | Reached XP level 7. HP: 54/54 MP: 8/10
  2797 | D:4      | Found a stormy altar of Qazlal.
  3010 | D:4      | Learned a level 2 spell: Blink
  3158 | D:4      | Reached XP level 8. HP: 61/61 MP: 11/11
  3181 | D:4      | Got a smelly leather armour
  3498 | D:4      | Found a burning altar of Makhleb.
  3575 | D:4      | Found a bloodstained altar of Trog.
  3627 | D:5      | Entered Level 5 of the Dungeon
  3781 | D:5      | Found a staircase to the Ecumenical Temple.
  3794 | Temple   | Entered the Ecumenical Temple
  3849 | Temple   | Became a worshipper of Gozag Ym Sagoz the Greedy
  3908 | D:5      | Reached skill level 5 in Fighting
  4156 | D:5      | Noticed Duvessa
  4157 | D:5      | Noticed Dowan
  4174 | D:5      | Killed Duvessa
  4174 | D:5      | Reached skill level 5 in Evocations
  4184 | D:5      | Killed Dowan
  4367 | D:5      | Identified the +2 leather armour "Rueh Fet" {rF+ Dex+2}
                  | (You found it on level 4 of the Dungeon)
  4420 | D:5      | Found a deep blue altar of Sif Muna.
  5122 | D:5      | Got a bloodstained flail
  5123 | D:5      | Identified the +6 flail of Pride {venom, rElec rPois rC+
                  | MP+9} (You found it on level 5 of the Dungeon)
  5154 | D:5      | Reached skill level 5 in Armour
  5411 | D:6      | Found a glowing golden altar of the Shining One.
  5494 | D:6      | Reached skill level 5 in Dodging
  5774 | D:6      | Got a pitted flail
  5775 | D:6      | Identified the +4 flail of Earthquakes {venom, *Drain rElec
                  | MR++ Dex+3} (You found it on level 6 of the Dungeon)
  5778 | D:6      | Found a glowing silver altar of Zin.
  5793 | D:6      | Found a shimmering altar of Xom.
  5970 | D:6      | Found an ancient bone altar of Kikubaaqudgha.
  6005 | D:6      | Reached XP level 9. HP: 67/69 MP: 13/13
  6601 | D:7      | Found a sacrificial altar of Ru.
  6845 | D:7      | Bought a crude chain mail for 247 gold pieces
  6856 | D:7      | Identified the +6 chain mail "Plog" {rPois MP+9 Slay-4
                  | Stlth+} (You bought it in a shop on level 7 of the Dungeon)
  6935 | D:8      | Found a radiant altar of Vehumet.
  7145 | D:8      | Found Ushryxef's Armour Shoppe.
  7153 | D:8      | Bought a +0 pair of boots for 58 gold pieces
  7451 | D:8      | Gained mutation: A demonic guardian rushes to your aid.
                  | [demonic ancestry]
  7451 | D:8      | Reached XP level 10. HP: 79/79 MP: 15/15
  7475 | D:8      | Noticed Maurice
  7507 | D:8      | Killed Maurice
  7845 | D:7      | Bought a brightly glowing robe for 148 gold pieces
  7857 | D:7      | Identified the +0 robe of the Gate {Regen+} (You bought it
                  | in a shop on level 7 of the Dungeon)
  8041 | D:7      | Found a basalt altar of Yredelemnul.
  8137 | D:9      | Found a staircase to the Orcish Mines.
  8449 | D:9      | Noticed a two-headed ogre
  8454 | D:9      | Killed a two-headed ogre
  8491 | D:9      | Found a flagged portal.
  8496 | Bailey   | Entered a bailey
  8992 | Bailey   | Noticed an orc knight
  9016 | Bailey   | Killed an orc knight
  9411 | D:9      | Found a blossoming altar of Fedhas.
  9430 | D:9      | Noticed an oklob plant
  9731 | Orc:1    | Entered Level 1 of the Orcish Mines
  9758 | Orc:1    | Noticed an orc knight
  9761 | Orc:1    | HP: 2/80 [orc knight/+1 glaive (18)]
  9770 | Orc:1    | HP: 3/80 [warg[an orc knight] (10)]
  9917 | Orc:1    | Killed an orc knight
 10463 | Orc:2    | Entered Level 2 of the Orcish Mines
 10535 | Orc:2    | Found a roughly hewn altar of Beogh.
 10561 | D:9      | Bought a warped arbalest for 247 gold pieces
 10561 | D:9      | Bought a steaming quarterstaff for 234 gold pieces
 10562 | D:9      | Identified the +3 arbalest "Glorpo" {velocity, rF+} (You
                  | bought it in a shop on level 9 of the Dungeon)
 10566 | D:9      | Identified the +9 quarterstaff "Tuvade" {speed, *Corrode
                  | rElec Dex+4} (You bought it in a shop on level 9 of the
                  | Dungeon)
 10695 | Orc:2    | Gained mutation: You are partially covered in sharp spines.
                  | [demonic ancestry]
 10695 | Orc:2    | Reached XP level 11. HP: 87/87 MP: 17/17
 10754 | Orc:2    | Found a staircase to the Elven Halls.
 10797 | Orc:2    | Reached skill level 1 in Crossbows
 10904 | Orc:2    | Noticed an orc knight
 10914 | Orc:2    | Killed an orc knight
 10916 | Orc:2    | Noticed an orc high priest
 10927 | Orc:2    | Killed an orc high priest
 11033 | Orc:2    | Noticed an orc knight
 11045 | Orc:2    | an orc knight changed into an eye of devastation
 11098 | Orc:2    | Noticed an orc knight
 11212 | Orc:2    | Noticed an orc knight
 11220 | Orc:2    | Killed an orc knight
 11255 | Orc:2    | Noticed an orc knight
 11259 | Orc:2    | Killed an orc knight
 11278 | Orc:2    | Noticed an orc high priest
 11283 | Orc:2    | Noticed an orc high priest
 11284 | Orc:2    | Killed an orc high priest
 11285 | Orc:2    | Noticed an orc high priest
 11287 | Orc:2    | Killed an orc high priest
 11287 | Orc:2    | Noticed an orc knight
 11291 | Orc:2    | Killed an orc high priest
 11293 | Orc:2    | Noticed an orc high priest
 11293 | Orc:2    | Killed an orc high priest
 11294 | Orc:2    | Killed an orc knight
 11316 | Orc:2    | Killed an orc knight
 11374 | Orc:2    | Found Leowe's Weapon Shoppe.
 11377 | Orc:2    | Found Bihaoni's Book Shoppe.
 11378 | Orc:2    | Found Hoklen's Antique Weapon Shoppe.
 11379 | Orc:2    | Found Yczem's Antique Armour Emporium.
 11385 | Orc:2    | Bought a polished chain mail for 342 gold pieces
 11385 | Orc:2    | Bought a runed scarf for 288 gold pieces
 11397 | Orc:2    | Identified the +6 chain mail of the Sixty-Six Runes {rCorr
                  | Str+3 Int+3} (You bought it in a shop on level 2 of the
                  | Orcish Mines)
 11901 | D:10     | Entered Level 10 of the Dungeon
 12085 | D:10     | Reached skill level 10 in Fighting
 12135 | D:10     | Found a staircase to the Lair.
 12211 | D:10     | Gained mutation: You are mostly covered in slimy green
                  | scales. (AC +3) [demonic ancestry]
 12211 | D:10     | Reached XP level 12. HP: 97/97 MP: 18/18
 12368 | D:10     | Found a white marble altar of Elyvilon.
 12402 | D:10     | Reached skill level 1 in Translocations
 12517 | D:10     | Learned a level 2 spell: Shroud of Golubria
 12627 | D:10     | Reached skill level 5 in Crossbows
 13421 | D:11     | Bought a steaming ring mail for 270 gold pieces
 13432 | D:11     | Identified the +3 ring mail of Misanthropy {rN++ MP-9 Dex+8
                  | Stlth+} (You bought it in a shop on level 11 of the
                  | Dungeon)
 14063 | D:12     | Noticed a two-headed ogre
 14064 | D:12     | a two-headed ogre changed into a dream sheep
 14158 | D:12     | Noticed a seven-headed hydra
 14163 | D:12     | Noticed a queen ant
 14163 | D:12     | a seven-headed hydra changed into a queen ant
 14172 | D:12     | Killed a queen ant
 14194 | D:12     | Reached skill level 10 in Armour
 14366 | D:12     | Reached skill level 10 in Dodging
 14610 | D:13     | Noticed a two-headed ogre
 14613 | D:13     | Killed a two-headed ogre
 14842 | D:13     | Found Lastitop's General Store.
 14980 | D:13     | Reached XP level 13. HP: 90/103 MP: 15/19
 15041 | D:13     | Bought a potion of ambrosia for 128 gold pieces
 15041 | D:13     | Bought a scroll of immolation for 56 gold pieces
 15041 | D:13     | Bought a scroll of enchant armour for 120 gold pieces
 15041 | D:13     | Bought a ration for 80 gold pieces
 15290 | D:13     | Got a warped scale mail
 15303 | D:13     | Identified the +9 scale mail "Uriylu" {rElec Regen+ Int+8
                  | Dex-5} (You found it on level 13 of the Dungeon)
 15435 | D:13     | Reached skill level 5 in Translocations
 15457 | D:13     | Found a gate to the Vaults.
 15819 | D:14     | Found Huuqah's Book Shop.
 16363 | D:14     | Noticed Louise
 16380 | D:14     | Killed Louise
 17018 | D:15     | Entered Level 15 of the Dungeon
 17268 | D:15     | Noticed an ettin
 17409 | D:15     | Gained mutation: You have a pair of large horns on your
                  | head. [demonic ancestry]
 17409 | D:15     | Reached XP level 14. HP: 110/110 MP: 20/20
 17986 | D:15     | Found a staircase to the Depths.
 18045 | D:15     | Got a translucent shield
 18080 | D:15     | Identified the +4 shield "Mafuoph" {Str+4 SInv} (You found
                  | it on level 15 of the Dungeon)
 18262 | D:15     | Found Gugeraq's Antique Artefacts.
 18298 | D:15     | Bought a twitching lead ring for 170 gold pieces
 18298 | D:15     | Bought a coiled bronze ring for 170 gold pieces
 18300 | D:15     | Identified the ring of the Tuna {+Fly Int+4 Dex+4} (You
                  | bought it in a shop on level 15 of the Dungeon)
 18302 | D:15     | Identified the ring of Truth {+Blink rN+ Int+3} (You bought
                  | it in a shop on level 15 of the Dungeon)
 18309 | D:15     | Bought a vibrating garnet amulet for 170 gold pieces
 18309 | D:15     | Bought a silken robe for 193 gold pieces
 18311 | D:15     | Identified the amulet "Puqouz" {rF+ Regen+} (You bought it
                  | in a shop on level 15 of the Dungeon)
 18328 | D:15     | Identified the +2 robe of Complete Protection {+Inv rCorr
                  | Str+2} (You bought it in a shop on level 15 of the Dungeon)
 18978 | Lair:1   | Entered Level 1 of the Lair of Beasts
 19779 | Lair:1   | Got a transparent turquoise ring
 19794 | Lair:1   | Identified the ring "Qelaihon" {AC+3 Dex+2 Stlth+} (You
                  | found it on level 1 of the Lair of Beasts)
 19842 | Lair:2   | Noticed Gastronok
 19850 | Lair:2   | Killed Gastronok
 20019 | Lair:2   | Noticed Harold
 20030 | Lair:2   | Killed Harold
 20056 | Lair:2   | Got a brightly glowing flail
 20057 | Lair:2   | Identified the +8 flail "Luynoghi" {vamp, rPois} (You found
                  | it on level 2 of the Lair of Beasts)
 20098 | Lair:2   | Found a frozen archway.
 20124 | IceCv    | Entered an ice cave
 20234 | IceCv    | Got a brightly glowing battleaxe
 20235 | IceCv    | Identified the +12 battleaxe "Cudewo" {freeze, rPois Str+6
                  | Dex-4} (You found it in an ice cave)
 20544 | IceCv    | Noticed a frost giant
 20560 | IceCv    | Killed a frost giant
 20609 | IceCv    | Got a shimmering jade ring
 20636 | Lair:2   | Identified the ring "Earthly Heaven" {rPois rC+ rN+ Str+3
                  | Dex-3} (You found it in an ice cave)
 21029 | Lair:3   | Found a runed translucent door.
 21831 | Lair:4   | Reached skill level 10 in Crossbows
 21837 | Lair:4   | Reached XP level 15. HP: 102/115 MP: 21/21
 21871 | Lair:4   | Noticed Rupert
 21877 | Lair:4   | Paralysed by Rupert for 7 turns
 21880 | Lair:4   | Killed Rupert
 22126 | Lair:4   | Found a staircase to the Snake Pit.
 22165 | Lair:4   | Found a staircase to the Swamp.
 22636 | Lair:5   | Found a transporter.
 22637 | Lair:5   | Found a transporter.
 22642 | Lair:5   | Noticed Luam's ghost (journeyman OpFi)
 22934 | Lair:5   | Found an ancient bone altar of Kikubaaqudgha.
 22955 | Lair:5   | Found a gate leading to a gauntlet.
 22964 | Gauntlet | Entered a Gauntlet
 22964 | Gauntlet | Found a transporter.
 22964 | Gauntlet | Found a transporter.
 22964 | Gauntlet | Found a transporter.
 22984 | Gauntlet | Found a transporter.
 22998 | Gauntlet | Found a transporter.
 23026 | Gauntlet | Found a transporter.
 23026 | Gauntlet | Found a transporter.
 23033 | Gauntlet | Found a transporter.
 23043 | Gauntlet | Found a transporter.
 23044 | Gauntlet | Found a transporter.
 23050 | Gauntlet | Found a transporter.
 23051 | Gauntlet | Found a transporter.
 23670 | Lair:6   | Entered Level 6 of the Lair of Beasts
 23670 | Lair:6   | Found a staircase to the Slime Pits.
 23670 | Lair:6   | Found a viscous altar of Jiyva.
 23715 | Lair:6   | Got a transparent large shield
 24591 | Lair:6   | Reached skill level 10 in Translocations
 24959 | Lair:6   | Identified the -4 large shield of the Turtle {-Cast MR+
                  | Int+5} (You found it on level 6 of the Lair of Beasts)
 25486 | Swamp:1  | Entered Level 1 of the Swamp
 25609 | Swamp:1  | Reached skill level 1 in Axes
 25823 | Swamp:2  | Gained mutation: Your magical and physical power is
                  | slightly enhanced at high health. [demonic ancestry]
 25823 | Swamp:2  | Reached XP level 16. HP: 110/122 MP: 22/22
 26119 | Swamp:3  | Noticed a thorn hunter
 26142 | Swamp:3  | Killed a thorn hunter
 26408 | Swamp:4  | Entered Level 4 of the Swamp
 27191 | Swamp:4  | Got a decaying rune of Zot
 27639 | D:11     | Bought the +2 pair of boots of the Assassin {Detection
                  | Stab+ Stlth++} for 1800 gold pieces
 27639 | D:11     | Found the +2 pair of boots of the Assassin {Detection Stab+
                  | Stlth++}
 27651 | D:11     | Upgraded the game from 0.23.1-37-gaa34b87b72 to
                  | 0.23.1-38-g628c18f423
 27790 | Snake:1  | Entered Level 1 of the Snake Pit
 27914 | Snake:2  | Reached skill level 5 in Spellcasting
 28252 | Snake:2  | Found Coynyiko's Distillery.
 28255 | Snake:2  | Found Xut Bijyi's Antique Weapon Emporium.
 28255 | Snake:2  | Found Heyrulol's Gadget Shoppe.
 28258 | Snake:2  | Found Keeloabo's Book Shoppe.
 28260 | Snake:2  | Bought a potion of haste for 170 gold pieces
 28260 | Snake:2  | Bought a potion of might for 68 gold pieces
 28260 | Snake:2  | Bought a potion of ambrosia for 136 gold pieces
 28260 | Snake:2  | Bought 2 potions of magic for 272 gold pieces
 29196 | Snake:4  | Entered Level 4 of the Snake Pit
 29196 | Snake:4  | Noticed Donald
 29207 | Snake:4  | Gained mutation: You are mostly covered in sharp spines.
                  | [demonic ancestry]
 29207 | Snake:4  | Reached XP level 17. HP: 72/131 MP: 11/25
 29328 | Snake:4  | Killed Donald
 29396 | Snake:4  | Found a radiant altar of Vehumet.
 29640 | Snake:4  | Noticed Asterion
 29652 | Snake:4  | Killed Asterion
 30015 | Snake:4  | Noticed Saint Roka
 30036 | Snake:4  | Killed Saint Roka
 30036 | Snake:4  | Reached skill level 5 in Axes
 30323 | Snake:4  | Got a serpentine rune of Zot
 30791 | Vaults:1 | Entered Level 1 of the Vaults
 30965 | Vaults:1 | Identified the +4 scimitar "Meus Omn" {speed, *Rage rF+
                  | Str+4} (You found it on level 1 of the Vaults)
 31196 | Vaults:1 | Noticed Aizul
 31214 | Vaults:1 | Killed Aizul
 31804 | Vaults:1 | Found Pixaxiul's Gadget Shoppe.
 31990 | Vaults:2 | Reached skill level 15 in Armour
 32053 | Vaults:2 | Found a portal to a secret trove of treasure.
 32111 | Vaults:2 | Found a flickering gateway to a bazaar.
 32121 | Bazaar   | Entered a bazaar
 32151 | Bazaar   | Found Kafereru's Armour Emporium.
 32151 | Bazaar   | Found Evuheaje's Weapon Shoppe.
 32172 | Bazaar   | Found Zeysm's Gadget Emporium.
 32187 | Bazaar   | Found Dyrerylu's Assorted Antiques.
 32191 | Bazaar   | Bought a jet-encrusted scale mail for 243 gold pieces
 32191 | Bazaar   | Bought a scroll of identify for 54 gold pieces
 32191 | Bazaar   | Bought a scroll of brand weapon for 540 gold pieces
 32191 | Bazaar   | Bought a scroll of immolation for 94 gold pieces
 32264 | Vaults:2 | Gained mutation: Your magical and physical power is
                  | enhanced at high health. [demonic ancestry]
 32264 | Vaults:2 | Reached XP level 18. HP: 138/138 MP: 30/30
 32302 | Vaults:2 | Reached skill level 15 in Dodging
 33374 | Vaults:2 | Upgraded the game from 0.23.1-38-g628c18f423 to 0.23.2
 33491 | Vaults:3 | Found Dechet's Assorted Antiques.
 33533 | Vaults:3 | Bought a potion of lignification for 129 gold pieces
 33533 | Vaults:3 | Bought a sedimented silvery potion for 38 gold pieces
 33533 | Vaults:3 | Bought a white potion for 38 gold pieces
 33533 | Vaults:3 | Bought a scroll of immolation for 150 gold pieces
 33533 | Vaults:3 | Bought a scroll of immolation for 150 gold pieces
 33533 | Vaults:3 | Bought a scroll of blinking for 322 gold pieces
 33534 | Vaults:3 | Identified the cursed +0 scale mail "Xeway" {Dex+3} (You
                  | bought it in a shop in a bazaar)
 33902 | Vaults:3 | Found a staircase to the Crypt.
 34998 | Vaults:4 | Reached skill level 10 in Spellcasting
 35005 | Vaults:4 | Gained mutation: You are completely covered in sharp
                  | spines. [demonic ancestry]
 35005 | Vaults:4 | Reached XP level 19. HP: 143/143 MP: 30/33
 35269 | Vaults:5 | Entered Level 5 of the Vaults
 35279 | Vaults:5 | Noticed an ancient lich
 35282 | Vaults:5 | HP: 5/143 [acid (9)]
 35899 | Vaults:5 | Cast into level 2 of the Abyss (a deep elf sorcerer)
 35924 | Vaults:5 | Escaped the Abyss
 35924 | Vaults:5 | Identified the +3 broad axe "Utyka" {speed, rElec}
 35929 | Vaults:5 | Reached skill level 10 in Axes
 36049 | Vaults:5 | Cast into level 2 of the Abyss (a deep elf sorcerer)
 36414 | Vaults:5 | Escaped the Abyss
 36570 | Vaults:5 | Killed an ancient lich
 36571 | Vaults:5 | HP: 4/143 [vault warden/+0 battleaxe (20)]
 36571 | Vaults:5 | HP: 1/143 [titan/the air (3)]
 36572 | Vaults:5 | Killed from afar by a deep elf high priest

Skill      XL: |  1  2  3  4  5  6  7  8  9 10 11 12 13 14 15 16 17 18 19 |
---------------+----------------------------------------------------------+-----
Dodging        | 1 2 3 4 5 6 7 9 10 11 12 13 14 15 16 | 16.5
Armour         | 2 3 4 5 6 8 9 10 11 12 13 14 15 16 | 16.5
Fighting       | 2 3 4 5 7 8 10 11 | 11.1
Evocations     | 2 3 4 5 7 8 |  8.4
Crossbows      | 4 6 8 10 11 | 11.2
Translocations | 4 6 8 10 | 10.0
Axes           | 1 3 6 8 10 | 10.4
Spellcasting   | 2 5 8 10 11 | 11.3
Bows           | |  1.7
Throwing       | |  1.0
Necromancy     | |  2.1

Action                   |  1- 3 |  4- 6 |  7- 9 | 10-12 | 13-15 | 16-18 | 19-21 || total
-------------------------+-------+-------+-------+-------+-------+-------+-------++-------
Melee: Short sword       |       |       |    42 |       |       |       |       ||    42
       Headbutt          |       |       |    53 |   112 |   257 |   216 |    30 ||   668
       Flail             |       |       |   214 |   509 |  1170 |   415 |    22 ||  2330
       Long sword        |       |       |    49 |       |       |       |       ||    49
       Unarmed           |       |       |       |     8 |       |       |       ||     8
       Battleaxe         |       |       |       |       |       |   562 |   147 ||   709
 Fire: Shortbow          |    76 |   123 |   149 |    48 |       |       |       ||   396
       Blowgun           |       |     9 |    14 |       |       |       |       ||    23
       Arbalest          |       |       |       |   140 |    27 |    22 |     7 ||   196
Throw: Tomahawk          |       |       |     3 |    20 |       |       |       ||    23
       Stone             |       |       |     3 |       |       |       |       ||     3
       Throwing net      |       |       |       |       |     1 |       |       ||     1
Invok: Call Merchant     |       |       |     1 |     2 |     3 |     1 |       ||     7
Evoke: Wand              |       |     6 |    16 |    30 |     8 |    12 |     1 ||    73
       Lightning rod     |       |       |       |       |       |       |     3 ||     3
       Lamp of fire      |       |       |       |       |       |       |     1 ||     1
  Use: Scroll            |       |     4 |     7 |     9 |    21 |    11 |    10 ||    62
       Potion            |       |       |     2 |     3 |     1 |    10 |     1 ||    17
 Stab: Paralysed         |       |       |    12 |       |       |     4 |       ||    16
       Distracted        |       |       |     2 |     3 |    11 |    10 |     1 ||    27
       Sleeping          |       |       |       |       |       |    11 |       ||    11
       Confused          |       |       |       |       |       |     1 |       ||     1
  Eat: Chunk             |     1 |     4 |     4 |       |       |       |       ||     9
       Ration            |       |       |     4 |     8 |    12 |     8 |     2 ||    34
Armor: Robe              |     2 |       |       |       |       |       |       ||     2
       Scale mail        |    12 |    21 |   156 |   235 |   973 |   873 |   236 ||  2506
Dodge: Dodged            |    17 |    46 |   233 |   609 |  1477 |  1084 |   278 ||  3744
       Rpst.: Long sword |       |       |     1 |       |       |       |       ||     1
